Map: 紫晶浪漫-天梯版

Players

wanted

  • Race: Zerg Zerg

TIME (Oliveira) - Winner!

  • Race: Terran Terran
  • League: Grandmaster

Event: DreamHack SC2 Masters 2021 Fall

VOD

Have the link to the VOD?

Description

Time

  • Played on: Aug. 4, 2021, 8:03 a.m.
  • Length: 11:44

All games in this series

Show
View Real Time Build Order
Export as new Build Order

wanted Zerg 

Build Orders: Pool First 

Get SALT Encoding   

  12  0:00  Drone  
  13  0:07  Drone  
  14  0:16  Overlord  
  14  0:22  Extractor  
  14  0:23  Drone  
  15  0:35  Drone x2  
  17  0:45  Spawning Pool  
  17  0:48  Drone  
  17  1:08  Hatchery  
  17  1:11  Drone  
  17  1:25  Extractor  
  17  1:32  Zergling x6  
  19  1:33  Queen  
  21  1:45  Overlord  
  21  1:58  Drone  
  22  2:08  Queen  
  22  2:09  Drone  
  25  2:16  Drone  
  25  2:20  Queen  
  25  2:21  Drone  
  29  2:31  Drone  
  29  2:33  Drone  
  31  2:45  Drone x4, Overlord  
  31  2:47  Metabolic Boost  
  35  3:02  Hatchery  
  34  3:07  Drone  
  34  3:08  Drone  
  36  3:13  Drone  
  36  3:14  Drone  
  36  3:19  Drone x3  
  41  3:31  Queen, Pneumatized Carapace  
  43  3:34  Drone  
  43  3:38  Overlord  
  44  3:42  Overlord  
  44  3:56  Drone x8  
  52  4:06  Queen, Overlord  
  52  4:07  Overlord  
  54  4:16  Drone x2  
  56  4:18  Baneling Nest, Overlord  
  54  4:27  Spore Crawler  
  54  4:28  Drone x3  
  54  4:29  Spore Crawler  
  55  4:31  Spore Crawler  
  55  4:33  Drone x2  
  55  4:36  Drone  
  57  4:38  Drone  
  57  4:39  Drone  
  57  4:42  Lair  
  59  4:46  Extractor, Drone x2  
  59  4:47  Drone  
  59  4:48  Drone  
  62  4:54  Queen  
  62  4:55  Drone x2  
  62  4:56  Drone  
  67  5:02  Drone x3  
  70  5:08  Extractor  
  70  5:09  Extractor  
  70  5:12  Drone x7  
  75  5:18  Drone x5  
  80  5:26  Drone  
  80  5:27  Spore Crawler  
  79  5:34  Evolution Chamber  
  79  5:35  Extractor, Evolution Chamber  
  77  5:36  Drone x2  
  77  5:39  Zergling x6  
  77  5:40  Centrifical Hooks  
  81  5:44  Overseer  
  81  5:54  Overlord x7  
  81  6:01  Hatchery  
  80  6:08  Drone  
  81  6:14  Zergling x12  
  81  6:16  Zerg Melee Weapons Level 1, Zerg Ground Armor Level 1  
  81  6:17  Drone  
  88  6:19  Hydralisk Den  
  88  6:23  Queen  
  87  6:26  Extractor  
  87  6:31  Drone  
  87  6:32  Drone x2  
  89  6:35  Baneling x3  
  89  6:36  Baneling x4  
  89  6:37  Zergling x16  
  97  6:43  Overseer  
  97  6:49  Overlord x2  
  97  6:52  Drone x4  
  101  7:03  Baneling x3  
  101  7:04  Baneling x2  
  101  7:06  Grooved Spines  
  101  7:10  Zergling x20  
  101  7:13  Overlord  
  111  7:15  Spore Crawler  
  111  7:18  Overseer  
  111  7:19  Overseer  
  110  7:25  Drone x6  
  110  7:28  Drone  
  115  7:30  Hatchery  
  115  7:34  Queen, Overlord  
  115  7:35  Hydralisk x4  
  124  7:44  Baneling  
  124  7:45  Baneling x6, Overseer  
  124  7:46  Hydralisk x3  
  124  7:50  Baneling x2  
  130  7:52  Zergling x8  
  130  7:55  Hydralisk  
  130  7:56  Hydralisk  
  136  8:01  Spore Crawler  
  132  8:07  Drone  
  132  8:08  Drone x6  
  129  8:16  Overlord  
  129  8:19  Muscular Augments  
  122  8:20  Zerg Melee Weapons Level 2  
  122  8:23  Infestation Pit  
  122  8:24  Extractor, Drone x10  
  122  8:25  Extractor  
  129  8:34  Zergling x12  
  129  8:41  Hydralisk x4  
  125  8:48  Zergling x8  
  127  8:51  Hydralisk x4  
  127  8:53  Queen x2  
  130  8:57  Zergling x14  
  126  9:03  Hydralisk x2  
  126  9:04  Baneling x3  
  126  9:09  Zergling x6  
  118  9:11  Baneling x2  
  118  9:12  Baneling x4  
  118  9:14  Hydralisk  
  118  9:15  Zergling x4  
  120  9:19  Zergling x4  
  121  9:27  Extractor  
  119  9:34  Zergling x8  
  119  9:36  Hatchery  
  121  9:43  Spore Crawler  
  121  9:44  Zergling x6, Hydralisk  
  125  9:47  Hive  
  125  9:48  Queen  
  125  9:51  Zergling x8  
  131  9:58  Overlord x2  
  131  9:59  Overlord x2  
  131  10:05  Baneling x10  
  131  10:12  Zergling x16  
  131  10:13  Baneling  
  131  10:14  Baneling x2  
  125  10:15  Overseer  
  125  10:16  Zergling x2  
  125  10:17  Zergling x2  
  126  10:21  Zergling x4  
  126  10:27  Zergling x4  
  129  10:30  Baneling x7  
  129  10:31  Baneling  
  129  10:32  Zergling x8  
  133  10:35  Hatchery  
  133  10:40  Zergling x12  
  123  10:46  Baneling  
  123  10:47  Zergling x4, Baneling x2  
  121  10:51  Hydralisk x2  
  121  10:54  Queen x3  
  121  10:57  Zergling x4  
  122  10:59  Baneling  
  122  11:00  Baneling x6  
  120  11:04  Zergling x8  
  109  11:11  Zergling x14  
Show
View Real Time Build Order
Export as new Build Order

TIME Terran - Winner!

Build Orders: Reaper Expand, Banshee Rush 

Get SALT Encoding   

  12  0:00  SCV  
  13  0:13  SCV  
  14  0:17  Supply Depot  
  14  0:25  SCV  
  15  0:39  SCV  
  15  0:41  Barracks  
  16  0:44  Refinery  
  16  0:51  SCV  
  17  1:03  SCV  
  18  1:16  SCV  
  19  1:29  Reaper, Orbital Command  
  20  1:40  Command Center  
  20  1:49  Supply Depot  
  20  1:55  SCV  
  20  2:01  Marine  
  22  2:07  SCV  
  23  2:09  Factory  
  23  2:16  Refinery  
  23  2:19  SCV  
  24  2:22  Barracks Reactor  
  24  2:31  SCV  
  25  2:43  SCV  
  26  2:50  Bunker  
  26  2:52  Orbital Command  
  26  2:53  Factory Tech Lab  
  26  2:55  SCV  
  27  2:58  Marine  
  27  2:59  Marine  
  27  3:03  Starport  
  29  3:14  Cyclone  
  29  3:15  SCV  
  29  3:19  Marine, SCV  
  35  3:21  Marine  
  36  3:29  SCV  
  36  3:30  Supply Depot  
  36  3:31  SCV  
  37  3:41  SCV  
  37  3:44  SCV  
  39  3:49  Cloaking Field  
  39  3:50  Banshee  
  42  3:55  Command Center  
  42  3:59  SCV x2  
  42  4:01  Factory Tech Lab  
  44  4:05  Marine x2  
  46  4:11  Supply Depot, SCV x2  
  48  4:23  SCV, Siege Tank  
  48  4:24  SCV  
  52  4:31  Marine x2  
  52  4:34  Supply Depot  
  52  4:36  SCV x2  
  52  4:38  Banshee  
  59  4:48  SCV x2  
  61  4:54  Barracks  
  61  4:55  Barracks  
  61  5:00  SCV  
  61  5:01  SCV  
  61  5:03  Marine, Engineering Bay x2  
  61  5:04  Factory Reactor  
  61  5:05  Stimpack  
  64  5:09  Refinery  
  64  5:10  Refinery  
  64  5:13  Orbital Command  
  64  5:14  SCV  
  65  5:25  Marine  
  65  5:27  SCV x2  
  68  5:33  Supply Depot, Starport Reactor  
  68  5:34  Orbital Command  
  68  5:37  Terran Infantry Weapons Level 1  
  68  5:41  SCV x2  
  68  5:42  Marine x2  
  70  5:49  Factory Reactor  
  72  5:50  Terran Infantry Armor Level 1  
  72  5:51  Marine x3, Barracks  
  72  5:53  SCV, Barracks  
  72  5:54  SCV  
  77  5:58  Supply Depot  
  77  6:01  Marine  
  77  6:02  SCV  
  77  6:04  Marine  
  79  6:09  Marine, SCV  
  79  6:10  Marine  
  79  6:11  Medivac x2  
  87  6:12  SCV  
  87  6:14  SCV  
  87  6:15  Marine  
  90  6:23  Marine x2  
  90  6:24  SCV x2  
  94  6:27  Marine  
  94  6:29  Supply Depot x2, Widow Mine x2  
  94  6:31  SCV  
  100  6:32  Refinery  
  100  6:36  SCV  
  100  6:38  Supply Depot  
  101  6:41  Barracks Reactor x2, Supply Depot  
  101  6:50  Marine x3, SCV, Medivac x2  
  101  6:52  Combat Shield  
  101  6:53  Marine, Widow Mine x2  
  114  6:54  SCV x2  
  114  7:00  Supply Depot  
  114  7:01  Armory  
  116  7:02  Marine  
  116  7:04  SCV  
  116  7:08  Marine  
  119  7:09  Marine  
  119  7:11  Marine  
  119  7:12  SCV  
  122  7:16  Marine  
  122  7:17  Marine  
  122  7:18  SCV, Widow Mine x2  
  122  7:20  SCV  
  122  7:21  Marine  
  131  7:25  Factory  
  131  7:26  Medivac x2  
  131  7:28  Marine  
  136  7:31  SCV  
  136  7:32  Marine x2  
  136  7:35  SCV x2  
  136  7:37  Refinery  
  141  7:39  Supply Depot  
  141  7:40  Supply Depot  
  141  7:47  Terran Infantry Weapons Level 2  
  141  7:56  Supply Depot  
  141  7:57  Supply Depot  
  141  8:00  Marine x2  
  141  8:01  SCV x3  
  141  8:03  Command Center  
  130  8:06  Marine  
  130  8:11  Marine x2  
  127  8:13  Marine  
  127  8:17  Marine x3, SCV  
  127  8:18  Marine  
  127  8:19  Marine  
  132  8:21  Widow Mine x3, Drilling Claws  
  132  8:22  SCV  
  132  8:24  SCV  
  140  8:27  Marine  
  140  8:28  Supply Depot  
  140  8:29  Marine, Supply Depot  
  140  8:31  Medivac  
  144  8:34  Terran Infantry Armor Level 2  
  144  8:35  Marine  
  144  8:40  Marine  
  144  8:41  Marine x2  
  145  8:50  Marine  
  145  8:52  Marine x2  
  130  8:59  Marine x3  
  131  9:04  Marine x2  
  131  9:05  SCV  
  134  9:10  Marine x2  
  134  9:11  Siege Tank  
  134  9:12  Marine  
  134  9:13  SCV x2  
  139  9:19  Sensor Tower  
  139  9:20  Factory Tech Lab  
  139  9:21  Marine, Terran Vehicle Weapons Level 1  
  139  9:24  Marine x3  
  138  9:26  Medivac x2  
  138  9:27  SCV x2  
  138  9:28  SCV  
  146  9:35  Marine x2  
  146  9:36  Planetary Fortress  
  148  9:39  SCV  
  148  9:40  Marine x4, Siege Tank  
  148  9:42  Marine  
  148  9:44  Siege Tank  
  160  9:49  Marine  
  160  9:52  Marine, Barracks x3  
  162  9:53  Marine x2  
  162  9:58  Marine x2, Command Center  
  166  10:02  Medivac x2  
  166  10:04  Marine x2  
  172  10:12  Marine  
  172  10:13  Marine  
  154  10:16  Siege Tank  
  154  10:17  Marine x2  
  154  10:19  Marine x3  
  154  10:20  Siege Tank  
  165  10:27  Marine x2  
  166  10:29  Marine  
  166  10:31  Marine  
  166  10:32  Command Center  
  166  10:35  Marine x2  
  170  10:37  Marine, Marauder  
  146  10:42  Marine  
  146  10:45  Barracks Tech Lab x3  
  146  10:47  Marine x2  
  146  10:48  Medivac x2, Siege Tank  
  155  10:52  Marine, Siege Tank  
  155  10:55  Marine x3  
  148  10:59  Marine x2  
  148  11:00  Marine  
  151  11:04  Marine  
  151  11:08  Marine x2  
  151  11:11  Marine  
  148  11:12  Marauder x2  
  148  11:13  Marine x2  

Tags
 
Add a new tag
Caveats
  • Supply blocks, unpowered buildings, or Contaminate may cause inaccurate times.
  • Supply counts are checked every 10 seconds.